General information
- name: BNet
- type: Ladder team game (AT/RT)
- host: Battle.net
- saver: IWILLBSYOU
map: MarketSquare
- players: 8
- length: 14:56
- speed: Fast
- version: 1.26 W3XP
- replay type: Public
» download(110 KB)
Players
team 1 (winner)
IWILLBSYOU (
green | 50 APM | 752 actions | 14:56)
4 Mountain King
2 Storm Bolt
2 Bash
» actions
| Assign group hotkey | 6 | |
| Basic commands | 93 | |
| Build / train | 29 | |
| Enter build submenu | 8 | |
| Enter hero's abilities submenu | 4 | |
| Remove unit from queue | 1 | |
| Right click | 328 | |
| Select / deselect | 181 | |
| Select group hotkey | 72 | |
| Use ability | 30 | |
752 total
» units
| Peasant | 8 | |
| Rogue | 2 | |
| Assassin | 2 | |
| Forest Troll High Priest | 1 | |
| Kobold Geomancer | 1 | |
14 total
» buildings
| Farm | 5 | |
| Altar of Kings | 1 | |
| Arcane Vault | 1 | |
7 total
» build order
00:43 Farm
01:40 Altar of Kings
05:14 Farm
09:27 Arcane Vault
13:14 Farm
13:16 Farm
13:17 Farm
» items
| Boots of Speed | 1 | |
| Periapt of Vitality | 1 | |
| Potion of Lesser Invulnerability | 1 | |
| Lesser Clarity Potion | 1 | |
| Potion of Healing | 1 | |
| Scroll of Regeneration | 1 | |
6 total
unix_solo (
yellow | 51 APM | 756 actions | 14:54)
5 Archmage
3 Summon Water Elemental
2 Brilliance Aura
» actions
| Assign group hotkey | 5 | |
| Basic commands | 1 | |
| Build / train | 59 | |
| Enter build submenu | 26 | |
| Enter hero's abilities submenu | 5 | |
| Right click | 358 | |
| Select / deselect | 258 | |
| Select group hotkey | 2 | |
| Use ability | 42 | |
756 total
» units
| Peasant | 12 | |
| Rifleman | 15 | |
| Priest | 6 | |
| Sorceress | 2 | |
35 total
» upgrades
| Gunpowder | 3 | |
| Armor | 3 | |
| Long Rifles | 1 | |
7 total
» buildings
| Barracks | 3 | |
| Blacksmith | 1 | |
| Farm | 12 | |
| Altar of Kings | 1 | |
| Lumber Mill | 1 | |
| Keep | 1 | |
| Scout Tower | 1 | |
| Arcane Vault | 1 | |
| Arcane Tower | 1 | |
| Castle | 1 | |
| Arcane Sanctum | 2 | |
25 total
» build order
00:35 Barracks
00:38 Blacksmith
00:45 Farm
01:06 Farm
01:37 Altar of Kings
01:40 Lumber Mill
01:44 Barracks
01:52 Farm
02:14 Barracks
02:41 Farm
02:53 Farm
03:02 Farm
03:28 Keep
03:33 Farm
03:47 Farm
04:00 Scout Tower
04:23 Arcane Vault
04:51 Arcane Tower
05:26 Farm
07:45 Castle
08:58 Farm
09:00 Arcane Sanctum
09:06 Arcane Sanctum
11:07 Farm
11:09 Farm
» items
| Scroll of Regeneration | 1 | |
| Potion of Healing | 1 | |
| Potion of Mana | 1 | |
| Lesser Clarity Potion | 1 | |
| Scroll of Town Portal | 2 | |
6 total
ax_ (
blue | 47 APM | 702 actions | 14:54)
5 Death Knight
3 Death Coil
2 Unholy Aura
3 Lich
2 Frost Nova
1 Dark Ritual
» actions
| Basic commands | 37 | |
| Build / train | 50 | |
| Enter build submenu | 18 | |
| Enter hero's abilities submenu | 8 | |
| Right click | 334 | |
| Select / deselect | 208 | |
| Use ability | 47 | |
702 total
» units
| Acolyte | 8 | |
| Ghoul | 4 | |
| Crypt Fiend | 10 | |
| Abomination | 4 | |
| Obsidian Statue | 1 | |
27 total
» upgrades
» buildings
| Ziggurat | 8 | |
| Altar of Darkness | 1 | |
| Crypt | 1 | |
| Graveyard | 1 | |
| Nerubian Tower | 1 | |
| Tomb of Relics | 1 | |
| Halls of the Dead | 1 | |
| Black Citadel | 1 | |
| Sacrificial Pit | 1 | |
| Slaughterhouse | 2 | |
| Necropolis | 1 | |
| Spirit Tower | 4 | |
23 total
» build order
00:07 Ziggurat
00:08 Altar of Darkness
00:39 Crypt
00:59 Graveyard
01:25 Ziggurat
01:28 Nerubian Tower
01:55 Tomb of Relics
03:25 Halls of the Dead
04:14 Ziggurat
05:05 Ziggurat
06:25 Black Citadel
06:29 Sacrificial Pit
07:46 Slaughterhouse
09:05 Necropolis
12:07 Ziggurat
12:09 Ziggurat
12:11 Ziggurat
12:12 Ziggurat
13:51 Slaughterhouse
14:17 Spirit Tower
14:21 Spirit Tower
» items
| Boots of Speed | 1 | |
| Potion of Mana | 1 | |
| Potion of Healing | 1 | |
| Scroll of Town Portal | 1 | |
4 total
BlackRider (
pink | 44 APM | 653 actions | 14:54)
5 Death Knight
3 Death Coil
2 Unholy Aura
1 Lich
1 Frost Nova
» actions
| Assign group hotkey | 39 | |
| Basic commands | 28 | |
| Build / train | 56 | |
| Enter build submenu | 17 | |
| Enter hero's abilities submenu | 6 | |
| Give item / drop item | 1 | |
| Right click | 117 | |
| Select / deselect | 158 | |
| Select group hotkey | 182 | |
| Use ability | 49 | |
653 total
» units
| Acolyte | 10 | |
| Ghoul | 6 | |
| Crypt Fiend | 14 | |
30 total
» upgrades
| Creature Attack | 2 | |
| Creature Carapace | 2 | |
| Web | 1 | |
| Burrow | 1 | |
6 total
» buildings
| Graveyard | 1 | |
| Crypt | 1 | |
| Ziggurat | 8 | |
| Altar of Darkness | 1 | |
| Tomb of Relics | 1 | |
| Nerubian Tower | 1 | |
| Halls of the Dead | 1 | |
| Necropolis | 2 | |
| Sacrificial Pit | 1 | |
| Black Citadel | 1 | |
| Boneyard | 2 | |
20 total
» build order
00:41 Graveyard
00:47 Crypt
00:50 Ziggurat
01:08 Altar of Darkness
01:28 Ziggurat
01:40 Tomb of Relics
01:51 Nerubian Tower
05:04 Halls of the Dead
05:17 Necropolis
05:49 Ziggurat
05:50 Ziggurat
06:45 Ziggurat
08:21 Sacrificial Pit
09:50 Black Citadel
12:11 Ziggurat
12:13 Ziggurat
12:15 Ziggurat
12:50 Boneyard
12:58 Boneyard
13:51 Necropolis
» items
| Rod of Necromancy | 3 | |
| Circlet of Nobility | 3 | |
| Scroll of Town Portal | 2 | |
| Orb of Corruption | 1 | |
9 total
team 2 (loser)
Iusehumanwell (
orange | 96 APM | 1420 actions | 14:50)
5 Mountain King
3 Storm Bolt
2 Bash
2 Paladin
1 Holy Light
1 Devotion Aura
» actions
| Assign group hotkey | 26 | |
| Basic commands | 15 | |
| Build / train | 50 | |
| Enter build submenu | 17 | |
| Enter hero's abilities submenu | 7 | |
| Remove unit from queue | 1 | |
| Right click | 548 | |
| Select / deselect | 155 | |
| Select group hotkey | 556 | |
| Use ability | 45 | |
1420 total
» units
| Peasant | 16 | |
| Footman | 7 | |
| Knight | 4 | |
| Gryphon Rider | 4 | |
31 total
» upgrades
| Lumber Harvesting | 2 | |
| Swords | 1 | |
| Storm Hammers | 1 | |
4 total
» buildings
| Altar of Kings | 1 | |
| Barracks | 1 | |
| Farm | 7 | |
| Keep | 1 | |
| Town Hall | 2 | |
| Lumber Mill | 1 | |
| Blacksmith | 1 | |
| Castle | 1 | |
| Gryphon Aviary | 3 | |
| Scout Tower | 1 | |
19 total
» build order
00:35 Altar of Kings
00:39 Barracks
01:01 Farm
01:21 Farm
01:48 Farm
04:06 Keep
04:16 Town Hall
04:55 Lumber Mill
06:14 Blacksmith
06:34 Castle
08:03 Gryphon Aviary
08:05 Gryphon Aviary
08:06 Gryphon Aviary
08:27 Farm
09:25 Farm
10:16 Farm
10:18 Farm
12:05 Town Hall
13:25 Scout Tower
M(e)DO. (
red | 67 APM | 991 actions | 14:46)
4 Demon Hunter
2 Mana Burn
2 Evasion
1 Keeper of the Grove
1 Entangling Roots
» actions
| Assign group hotkey | 66 | |
| Basic commands | 81 | |
| Build / train | 56 | |
| ESC pressed | 2 | |
| Enter build submenu | 15 | |
| Enter hero's abilities submenu | 5 | |
| Right click | 330 | |
| Select / deselect | 148 | |
| Select group hotkey | 236 | |
| Use ability | 52 | |
991 total
» units
| Wisp | 17 | |
| Huntress | 8 | |
| Archer | 2 | |
| Dryad | 5 | |
| Druid of the Talon | 4 | |
36 total
» upgrades
| Druid of the Talon Training | 1 | |
| Abolish Magic | 1 | |
2 total
» buildings
| Altar of Elders | 1 | |
| Moon Well | 5 | |
| Hunter's Hall | 2 | |
| Ancient of War | 1 | |
| Ancient of Wonders | 1 | |
| Tree of Ages | 2 | |
| Ancient of Lore | 2 | |
| Ancient of Wind | 2 | |
| Tree of Life | 1 | |
17 total
» build order
00:20 Altar of Elders
00:22 Moon Well
01:53 Hunter's Hall
01:57 Ancient of War
01:59 Hunter's Hall
02:02 Moon Well
02:55 Moon Well
02:58 Ancient of Wonders
04:52 Tree of Ages
04:52 Tree of Ages
07:27 Moon Well
07:53 Ancient of Lore
07:56 Ancient of Wind
08:01 Ancient of Lore
08:04 Ancient of Wind
11:58 Tree of Life
13:53 Moon Well
» items

»
MrTerryLu (
purple | 54 APM | 808 actions | 14:53)
3 Pandaren Brewmaster
2 Breath of Fire
1 Drunken Haze
1 Mountain King
1 Storm Bolt
» actions
| Assign group hotkey | 58 | |
| Basic commands | 31 | |
| Build / train | 49 | |
| Enter build submenu | 18 | |
| Enter hero's abilities submenu | 4 | |
| Right click | 370 | |
| Select / deselect | 231 | |
| Select group hotkey | 1 | |
| Use ability | 46 | |
808 total
» units
| Peasant | 18 | |
| Rifleman | 10 | |
| Footman | 3 | |
| Knight | 1 | |
32 total
» buildings
| Blacksmith | 1 | |
| Barracks | 1 | |
| Farm | 7 | |
| Altar of Kings | 1 | |
| Scout Tower | 5 | |
| Lumber Mill | 1 | |
| Keep | 2 | |
| Guard Tower | 6 | |
| Arcane Vault | 1 | |
| Castle | 2 | |
| Town Hall | 1 | |
28 total
» build order
00:16 Blacksmith
00:18 Barracks
01:11 Farm
01:42 Altar of Kings
01:58 Farm
02:05 Farm
02:45 Farm
02:59 Farm
03:24 Scout Tower
03:42 Scout Tower
03:59 Lumber Mill
04:30 Farm
05:04 Keep
05:04 Keep
05:09 Farm
05:47 Guard Tower
07:33 Arcane Vault
07:45 Scout Tower
08:24 Guard Tower
08:57 Scout Tower
08:58 Scout Tower
09:32 Guard Tower
09:32 Guard Tower
10:27 Castle
10:27 Castle
12:07 Guard Tower
14:09 Town Hall
» items

»
Spicey7 (
teal | 63 APM | 935 actions | 14:44)
4 Archmage
2 Summon Water Elemental
2 Brilliance Aura
2 Mountain King
1 Storm Bolt
1 Bash
» actions
| Basic commands | 4 | |
| Build / train | 44 | |
| Enter build submenu | 16 | |
| Enter hero's abilities submenu | 6 | |
| Give item / drop item | 1 | |
| Right click | 525 | |
| Select / deselect | 273 | |
| Use ability | 66 | |
935 total
» units
| Peasant | 11 | |
| Rifleman | 12 | |
| Sorceress | 1 | |
| Priest | 1 | |
25 total
» upgrades
| Gunpowder | 2 | |
| Armor | 1 | |
| Lumber Harvesting | 1 | |
| Long Rifles | 1 | |
5 total
» buildings
| Altar of Kings | 1 | |
| Farm | 8 | |
| Lumber Mill | 1 | |
| Blacksmith | 1 | |
| Barracks | 2 | |
| Keep | 1 | |
| Arcane Sanctum | 2 | |
| Castle | 1 | |
| Town Hall | 1 | |
18 total
» build order
00:21 Altar of Kings
00:37 Farm
00:50 Lumber Mill
01:07 Blacksmith
01:16 Farm
01:54 Farm
02:26 Barracks
02:35 Farm
03:15 Barracks
03:18 Farm
04:01 Farm
05:54 Farm
06:34 Keep
06:39 Farm
09:02 Arcane Sanctum
09:37 Arcane Sanctum
11:23 Castle
12:11 Town Hall
» items
Chat log
(00:18 / Allies) IWILLBSYOU: unix
(00:21 / Allies) unix_solo: what
(00:24 / Allies) IWILLBSYOU: go tri barracks mass rifles
(00:26 / Allies) IWILLBSYOU: gonig to feed you
(00:28 / Allies) unix_solo: ok
(00:31 / Allies) IWILLBSYOU: we'll rape that corner
(02:46 / Allies) IWILLBSYOU: what hero?
(02:55 / Allies) BlackRider: dee kay
(02:56 / Allies) unix_solo: i went am
(03:14 / Allies) ax_: lets creep pink i got ur heals
(03:29 / Allies) BlackRider: k
(05:47 / Allies) ax_: brt
(05:48 / Allies) ax_: droping ward
(06:12 / Allies) ax_: they mid
(07:15 / Allies) IWILLBSYOU: wtf are you idiots doing
(07:16 / Allies) IWILLBSYOU: they are all here
(07:17 / Allies) IWILLBSYOU: GO HIT
(07:19 / Allies) IWILLBSYOU: HOLY FUCK
(07:55 / All) IWILLBSYOU: wow lag
(08:00 / All) IWILLBSYOU: i double clicked my tip mother fucker
(08:46 / Allies) IWILLBSYOU: colming unix then we go finish off purple
(08:51 / Allies) IWILLBSYOU: GO HIT
(08:53 / Allies) IWILLBSYOU: THEY HAE NOTHIGN
(09:12 / Allies) IWILLBSYOU: i like how you knew that I'm feeding yellow, we raped half their team, and you still won't hit
(09:17 / Allies) IWILLBSYOU: this is why I bs faggots
(09:24 / Allies) BlackRider: quiet nub feeder
(09:39 / Allies) IWILLBSYOU: I'm the nub with your shity ass UD build lol
(10:05 / Allies) BlackRider: get main blue
(11:06 / All) IWILLBSYOU: nice job there orange
(11:08 / All) IWILLBSYOU: you're doing great bro
(14:10 / Allies) ax_: omw pink
(14:39 / All) IWILLBSYOU: GET OFF M FREIDNS